Map: Pureza e industria EE

Players

MrFercho

  • Race: Zerg Zerg
  • League: Silver
  • Spawn Location: 3:00

alex - Winner!

  • Race: Protoss Protoss
  • League: Gold
  • Spawn Location: 12:00

VOD

Have the link to the VOD?

Description

Time

  • Played on: May 10, 2020, 7:14 p.m.
  • Length: 24:33
Show
View Real Time Build Order
Export as new Build Order

MrFercho Zerg 

Build Orders: Pool First 

Get SALT Encoding   

  12  0:07  Drone  
  13  0:13  Overlord  
  13  0:28  Drone  
  14  0:40  Extractor x2  
  14  0:41  Drone x3  
  15  0:57  Drone  
  16  1:05  Spawning Pool  
  16  1:07  Drone  
  16  1:17  Drone  
  17  1:27  Drone  
  18  1:40  Drone  
  18  1:46  Hatchery  
  18  1:50  Drone  
  19  1:55  Queen  
  19  1:58  Overlord  
  21  2:13  Drone  
  22  2:27  Zergling x2  
  23  2:44  Lair, Roach Warren  
  23  2:50  Drone x3  
  24  3:14  Zergling x2  
  24  3:15  Zergling x2  
  26  3:22  Hatchery  
  24  3:36  Drone x2  
  25  3:52  Drone x4  
  29  4:20  Extractor  
  29  4:24  Hatchery  
  27  4:25  Roach  
  27  4:27  Overlord  
  29  4:41  Spire  
  28  4:46  Drone x2  
  30  4:55  Queen  
  32  5:05  Overseer  
  32  5:10  Glial Reconstitution  
  32  5:13  Metabolic Boost  
  32  5:24  Spire  
  32  5:26  Drone  
  34  5:28  Roach x2  
  36  5:41  Drone  
  37  5:46  Drone x2  
  37  5:47  Drone  
  40  5:52  Queen  
  42  6:04  Mutalisk x3  
  42  6:10  Mutalisk  
  50  6:13  Overlord  
  50  6:15  Overlord  
  50  6:41  Zerg Flyer Armor Level 1, Zerg Flyer Weapons Level 1  
  50  7:07  Mutalisk  
  50  7:08  Mutalisk x2  
  52  7:15  Mutalisk  
  58  7:23  Drone x2  
  60  7:33  Drone x5  
  65  7:39  Extractor  
  64  8:00  Drone x2  
  64  8:01  Overlord, Unknown  
  64  8:02  Overlord  
  65  8:10  Drone  
  66  8:15  Overlord  
  42  8:29  Lair  
  42  8:34  Spire  
  39  9:13  Mutalisk x4  
  39  9:14  Mutalisk  
  33  10:04  Mutalisk x2  
  33  10:28  Drone x3  
  34  10:59  Zerg Flyer Weapons Level 2  
  34  11:09  Spawning Pool  
  29  11:37  Mutalisk  
  29  11:38  Mutalisk x6  
  39  11:52  Drone x3  
  42  11:55  Drone x3  
  43  12:38  Mutalisk  
  43  12:39  Mutalisk x5  
  43  13:00  Drone x3  
  46  13:05  Drone x2  
  46  13:06  Drone  
  49  13:23  Drone  
  50  13:31  Mutalisk  
  50  13:32  Mutalisk x3  
  58  13:41  Drone x2  
  60  13:50  Mutalisk  
  60  13:51  Mutalisk  
  64  14:10  Mutalisk  
  64  14:11  Mutalisk x3  
  72  14:17  Mutalisk  
  74  14:27  Drone x2  
  74  14:30  Drone x5  
  71  15:34  Mutalisk x5  
  71  15:35  Mutalisk  
  37  16:46  Mutalisk  
  37  16:47  Mutalisk x5  
  37  17:45  Mutalisk x2  
  33  18:02  Drone x3  
  36  18:14  Drone  
  37  18:28  Drone  
  37  18:31  Drone x2  
  40  19:09  Hatchery  
  39  19:11  Drone x2  
  39  19:12  Drone  
  42  19:23  Extractor  
  41  19:24  Drone x4  
  41  19:25  Extractor, Drone  
  45  19:41  Drone x2  
  47  19:55  Queen  
  47  19:58  Zerg Flyer Armor Level 2  
  49  20:13  Drone  
  49  20:14  Drone x2  
  52  20:24  Burrow  
  52  20:29  Drone  
  52  20:30  Drone x5  
  58  20:40  Drone x2  
  60  21:02  Mutalisk  
  60  21:03  Mutalisk x4  
  70  21:13  Hatchery  
  70  21:15  Hatchery  
  68  21:24  Hatchery  
  67  21:26  Drone x2  
  67  21:27  Drone  
  70  21:47  Mutalisk x2  
  70  21:48  Mutalisk x4  
  54  23:01  Corruptor x8  
  70  23:24  Lair, Infestation Pit  
  59  24:00  Corruptor  
  59  24:01  Corruptor x3  
Show
View Real Time Build Order
Export as new Build Order

alex Protoss - Winner!

Build Orders: Cannon Rush 

Get SALT Encoding   

  12  0:02  Probe (Chrono Boost)  
  13  0:16  Probe (Chrono Boost)  
  14  0:27  Probe  
  15  0:31  Pylon  
  15  0:49  Probe  
  16  0:50  Forge  
  16  0:56  Pylon  
  16  1:01  Probe  
  17  1:10  Gateway  
  17  1:13  Probe  
  18  1:30  Photon Cannon  
  18  1:35  Photon Cannon  
  18  1:45  Photon Cannon  
  18  1:48  Probe (Chrono Boost)  
  19  1:58  Probe (Chrono Boost)  
  20  2:03  Probe (Chrono Boost)  
  20  2:07  Photon Cannon  
  21  2:12  Pylon  
  21  2:25  Cybernetics Core  
  21  2:26  Probe (Chrono Boost)  
  22  2:37  Probe (Chrono Boost)  
  23  2:38  Photon Cannon  
  23  2:41  Probe (Chrono Boost)  
  24  2:48  Photon Cannon  
  24  3:00  Photon Cannon  
  24  3:14  Photon Cannon  
  24  3:25  Pylon  
  24  3:31  Assimilator  
  24  3:33  Probe (Chrono Boost)  
  25  3:35  Assimilator  
  25  3:43  Probe (Chrono Boost)  
  26  3:48  Probe (Chrono Boost)  
  27  3:59  Probe  
  28  4:11  Probe  
  29  4:29  Nexus  
  29  4:33  Assimilator  
  29  4:35  Assimilator  
  29  4:38  Pylon  
  29  4:54  Photon Cannon  
  29  4:57  Photon Cannon  
  29  4:59  Stargate  
  29  5:10  Stargate  
  29  5:13  Probe  
  30  5:25  Probe  
  30  5:26  Pylon  
  31  5:35  Pylon  
  31  5:37  Probe  
  33  5:50  Probe  
  33  5:51  Photon Cannon  
  33  5:52  Photon Cannon  
  33  5:55  Shield Battery  
  33  5:59  Shield Battery  
  33  6:02  Probe  
  34  6:13  Probe  
  35  6:21  Oracle x2  
  41  6:25  Probe (Chrono Boost)  
  42  6:37  Probe (Chrono Boost)  
  42  6:38  Probe (Chrono Boost)  
  44  6:46  Probe x2 (Chrono Boost)  
  46  6:50  Probe (Chrono Boost)  
  46  6:52  Probe  
  46  6:53  Pylon  
  48  6:58  Oracle  
  48  6:59  Stargate  
  48  7:01  Probe, Stargate  
  51  7:04  Oracle, Probe  
  56  7:13  Probe  
  56  7:14  Photon Cannon  
  57  7:16  Photon Cannon  
  57  7:19  Photon Cannon  
  57  7:36  Pylon  
  57  7:46  Void Ray x2  
  65  8:17  Photon Cannon  
  65  8:30  Photon Cannon  
  65  8:34  Void Ray x3, Pylon  
  69  8:39  Void Ray (Chrono Boost)  
  40  9:44  Void Ray (Chrono Boost)  
  40  9:45  Void Ray x2 (Chrono Boost)  
  55  9:51  Void Ray (Chrono Boost)  
  55  10:00  Pylon  
  55  10:20  Probe  
  56  10:32  Probe  
  57  10:43  Void Ray  
  57  10:44  Probe  
  62  10:51  Photon Cannon  
  62  10:56  Probe  
  63  11:00  Photon Cannon  
  63  11:06  Photon Cannon  
  63  11:13  Photon Cannon  
  63  11:36  Photon Cannon  
  63  11:38  Photon Cannon  
  63  11:42  Pylon  
  63  11:52  Probe  
  64  11:55  Probe  
  65  12:04  Probe  
  65  12:07  Probe  
  67  12:16  Probe  
  67  12:19  Probe  
  67  12:22  Void Ray  
  73  12:28  Probe  
  74  12:31  Probe  
  71  12:43  Pylon  
  67  12:47  Photon Cannon  
  63  12:53  Photon Cannon  
  63  13:05  Photon Cannon x2  
  63  13:09  Photon Cannon  
  63  13:11  Photon Cannon  
  63  13:21  Photon Cannon  
  63  13:23  Photon Cannon  
  63  13:36  Probe  
  64  13:48  Probe  
  65  13:51  Nexus  
  65  13:55  Assimilator  
  65  13:59  Assimilator  
  65  14:13  Photon Cannon  
  65  14:15  Photon Cannon  
  65  14:18  Photon Cannon  
  65  14:22  Photon Cannon  
  65  14:25  Photon Cannon  
  53  15:53  Void Ray  
  53  15:54  Void Ray  
  53  16:04  Pylon  
  34  16:42  Void Ray x2 (Chrono Boost)  
  34  16:43  Void Ray (Chrono Boost)  
  34  16:44  Void Ray (Chrono Boost)  
  50  17:19  Void Ray (Chrono Boost)  
  50  17:20  Void Ray x3 (Chrono Boost)  
  66  17:35  Probe (Chrono Boost)  
  63  17:46  Probe (Chrono Boost)  
  63  17:51  Probe (Chrono Boost)  
  60  17:57  Void Ray x3, Phoenix  
  75  18:02  Probe  
  75  18:03  Photon Cannon  
  75  18:05  Photon Cannon  
  76  18:08  Photon Cannon  
  76  18:10  Photon Cannon  
  76  18:14  Photon Cannon, Probe  
  76  18:18  Shield Battery  
  77  18:26  Pylon  
  77  18:33  Phoenix  
  79  18:40  Phoenix  
  81  18:48  Photon Cannon  
  81  18:56  Probe (Chrono Boost)  
  82  19:06  Probe (Chrono Boost)  
  83  19:11  Probe (Chrono Boost)  
  84  19:18  Pylon  
  84  19:19  Pylon  
  84  19:22  Probe  
  84  19:24  Pylon  
  85  19:27  Void Ray  
  89  19:34  Probe  
  89  19:35  Phoenix  
  92  19:42  Phoenix  
  94  19:52  Photon Cannon  
  94  19:59  Probe (Chrono Boost)  
  95  20:09  Probe (Chrono Boost)  
  95  20:13  Probe (Chrono Boost)  
  96  20:16  Protoss Air Weapons Level 1 (Chrono Boost)  
  96  20:19  Phoenix  
  96  20:20  Phoenix  
  101  20:24  Probe  
  102  20:46  Phoenix x4  
  110  21:07  Pylon  
  110  21:17  Void Ray  
  110  21:18  Void Ray  
  118  21:30  Photon Cannon  
  118  21:33  Probe (Chrono Boost)  
  118  21:43  Probe (Chrono Boost)  
  119  21:48  Probe (Chrono Boost)  
  120  21:59  Probe  
  121  22:10  Protoss Air Armor Level 1  
  121  22:11  Probe  
  122  22:17  Photon Cannon  
  122  22:19  Pylon  
  122  22:22  Pylon  
  122  22:24  Void Ray x2  
  134  22:45  Pylon  
  134  23:10  Void Ray x2  
  134  23:11  Void Ray  
  146  23:21  Photon Cannon  
Tags
 
Add a new tag
Caveats
  • Supply blocks, unpowered buildings, or Contaminate may cause inaccurate times.
  • Supply counts are checked every 10 seconds.